3L
CLEVELAND BROWNS @ HOUSTON 1837 BBC
10/10/2039
 
TOP OF THE 1ST
Cleveland Browns batting - Pitching for Houston 1837 BBC : RHP Júlio Gutiérrez
Pitching: RHP Júlio Gutiérrez
Batting: LHB León Castillo 0-0: Ball
1-0: Ball
2-0: Ball
3-0: Base on Balls
Batting: LHB Danny Rodríguez 0-0: Called Strike
0-1: Swinging Strike
0-2: Ball
1-2: Strikes out swinging
Batting: LHB Sadatake Abe 0-0: Ball
1-0: Fielders Choice at 2nd, 6-4 (Groundball, 56, EV 106.9 MPH)
Batting: LHB Surender Nada 0-0: Called Strike
Sadatake Abe is caught stealing 2nd base 2-6
Top of the 1st over - 0 runs, 0 hits, 0 errors, 0 left on base; Cleveland 0 - Houston 0
BOTTOM OF THE 1ST
Houston 1837 BBC batting - Pitching for Cleveland Browns : RHP Chris Holland
Pitching: RHP Chris Holland
Batting: RHB Jon Huband 0-0: Ball
1-0: Ball
2-0: Bunted foul
2-1: Ball
3-1: Ground out U3 (Groundball, 3, EV 90.6 MPH)
Batting: LHB Javier Seco 0-0: Ball
1-0: Ball
2-0: Foul Ball, location: 2F
2-1: Fly out, F7 (Flyball, 7, EV 91.2 MPH)
Batting: RHB Adam Smith 0-0: Ball
1-0: Ground out 1-3 (Groundball, 13S, EV 70.0 MPH)
Bottom of the 1st over - 0 runs, 0 hits, 0 errors, 0 left on base; Cleveland 0 - Houston 0
TOP OF THE 2ND
Cleveland Browns batting - Pitching for Houston 1837 BBC : RHP Júlio Gutiérrez
Batting: LHB Surender Nada 0-0: Called Strike
0-1: Ground out 6-3 (Groundball, 6S, EV 72.5 MPH)
Batting: RHB Katsuhiko Ishihara 0-0: Called Strike
0-1: Ball
1-1: Ball
2-1: Called Strike
2-2: Foul Ball, location: 2F
2-2: Foul Ball, location: 2F
2-2: Ball
3-2: Strikes out looking
Batting: LHB Lauren Hilfiker 0-0: Called Strike
0-1: Ball
1-1: Ball
2-1: Fly out, F7 (Flyball, 7D, EV 95.0 MPH)
Top of the 2nd over - 0 runs, 0 hits, 0 errors, 0 left on base; Cleveland 0 - Houston 0
BOTTOM OF THE 2ND
Houston 1837 BBC batting - Pitching for Cleveland Browns : RHP Chris Holland
Batting: RHB Krystof Melichar 0-0: Ball
1-0: Called Strike
1-1: Called Strike
1-2: Ball
2-2: Ball
3-2: Foul Ball, location: 2F
3-2: Foul Ball, location: 2F
3-2: Foul Ball, location: 2F
3-2: Foul Ball, location: 7LSF, Error on foul ball, E7
3-2: Fly out, F7 (Line Drive, 7, EV 98.1 MPH)
Pitching: RHP Hsiao-lou Lei
Batting: LHB Bill Dixon 0-0: Ball
1-0: Ball
2-0: Called Strike
2-1: Ball
3-1: Swinging Strike
3-2: Base on Balls
Batting: LHB Ramiro Palmeiro 0-0: Ball
1-0: Called Strike
1-1: Ball
2-1: Foul Ball, location: 2F
2-2: Ball
3-2: Base on Balls
Bill Dixon to second
Batting: SHB Yeow-whye Zhu 0-0: Called Strike
0-1: DOUBLE (Line Drive, 7LM, EV 105.0 MPH)
Bill Dixon scores
Ramiro Palmeiro to third
Runner from 3rd tries for Home, SAFE, throw by LF to home
Batting: RHB David Elías 0-0: Swinging Strike
0-1: Called Strike
0-2: Ball
1-2: Ball
2-2: Ball
3-2: Base on Balls
Batting: LHB César Gómes 0-0: Ball
1-0: Ball
2-0: Swinging Strike
2-1: Swinging Strike
2-2: Strikes out looking
Batting: RHB Jon Huband 0-0: Ball
1-0: Foul Ball, location: 2F
1-1: SINGLE (Groundball, 6D, EV 109.4 MPH)
Yeow-whye Zhu to third
David Elías to second
Runner from 3rd tries for Home, SAFE, throw by CF to home
Batting: LHB Javier Seco 0-0: Ball
1-0: Ground out U3 (Groundball, 3, EV 98.1 MPH)
Bottom of the 2nd over - 3 runs, 2 hits, 1 error, 2 left on base; Cleveland 0 - Houston 3
TOP OF THE 3RD
Cleveland Browns batting - Pitching for Houston 1837 BBC : RHP Júlio Gutiérrez
Batting: RHB Tom Camden 0-0: Fly out, F9 (Flyball, 89M, EV 88.1 MPH)
Batting: RHB Jack Bonner 0-0: Ball
1-0: Ball
2-0: Called Strike
2-1: Swinging Strike
2-2: Foul Ball, location: 2F
2-2: Foul Ball, location: 2F
2-2: Ball
3-2: Fly out, F8 (Line Drive, 8RM, EV 86.9 MPH)
Batting: RHB Yu-shu Tseng 0-0: Fly out, F5 (Line Drive, 5, EV 67.5 MPH)
Top of the 3rd over - 0 runs, 0 hits, 0 errors, 0 left on base; Cleveland 0 - Houston 3
BOTTOM OF THE 3RD
Houston 1837 BBC batting - Pitching for Cleveland Browns : RHP Hsiao-lou Lei
Batting: RHB Adam Smith 0-0: Ground out 4-3 (Groundball, 4, EV 88.8 MPH)
Batting: RHB Krystof Melichar 0-0: Ground out 5-3 (Groundball, 56, EV 77.5 MPH)
Batting: LHB Bill Dixon 0-0: Foul Ball, location: 2F
0-1: Foul Ball, location: 2F
0-2: Ball
1-2: Ball
2-2: Strikes out swinging
Bottom of the 3rd over - 0 runs, 0 hits, 0 errors, 0 left on base; Cleveland 0 - Houston 3
TOP OF THE 4TH
Cleveland Browns batting - Pitching for Houston 1837 BBC : RHP Júlio Gutiérrez
Batting: LHB León Castillo 0-0: Ground out 1-3 (Groundball, 34S, EV 85.0 MPH)
Batting: LHB Danny Rodríguez 0-0: Swinging Strike
0-1: Swinging Strike
0-2: Ball
1-2: Ball
2-2: Strikes out swinging
Batting: LHB Sadatake Abe 0-0: Called Strike
0-1: Foul Ball, location: 2F
0-2: Ball
1-2: Foul Ball, location: 2F
1-2: Foul Ball, location: 2F
1-2: Foul Ball, location: 2F
1-2: Ball
2-2: Hit by Pitch
Batting: LHB Surender Nada 0-0: Called Strike
0-1: Fly out, F8 (Flyball, 8RS, EV 90.0 MPH)
Top of the 4th over - 0 runs, 0 hits, 0 errors, 1 left on base; Cleveland 0 - Houston 3
BOTTOM OF THE 4TH
Houston 1837 BBC batting - Pitching for Cleveland Browns : RHP Hsiao-lou Lei
Batting: LHB Ramiro Palmeiro 0-0: Ball
1-0: Ball
2-0: Ball
3-0: Base on Balls
Batting: SHB Yeow-whye Zhu 0-0: Ball
1-0: Ball
2-0: Ball
3-0: Base on Balls
Ramiro Palmeiro to second
Batting: RHB David Elías 0-0: Ball
1-0: Grounds into double play, 5-4-3 (Groundball, 56S, EV 86.2 MPH)
Ramiro Palmeiro to third
Batting: LHB César Gómes 0-0: Ball
1-0: Called Strike
1-1: Foul Ball, location: 2F
1-2: Ball
2-2: Strikes out swinging
Bottom of the 4th over - 0 runs, 0 hits, 0 errors, 1 left on base; Cleveland 0 - Houston 3
TOP OF THE 5TH
Cleveland Browns batting - Pitching for Houston 1837 BBC : RHP Júlio Gutiérrez
Batting: RHB Katsuhiko Ishihara 0-0: Called Strike
0-1: Foul Ball, location: 2F
0-2: Ball
1-2: Foul Ball, location: 2F
1-2: Ground out 5-3 (Groundball, 56, EV 105.6 MPH)
Batting: LHB Lauren Hilfiker 0-0: SINGLE (Line Drive, 89M, EV 106.2 MPH)
Batting: RHB Tom Camden 0-0: Ball
1-0: SINGLE (Line Drive, 89S, EV 108.1 MPH)
Lauren Hilfiker to second
Batting: RHB Jack Bonner 0-0: Called Strike
0-1: Fly out, F7 (Flyball, 7S, EV 78.1 MPH)
Batting: RHB Yu-shu Tseng 0-0: Fielders Choice at 2nd, 6-4 (Groundball, 56, EV 89.4 MPH)
Top of the 5th over - 0 runs, 2 hits, 0 errors, 2 left on base; Cleveland 0 - Houston 3
BOTTOM OF THE 5TH
Houston 1837 BBC batting - Pitching for Cleveland Browns : RHP Hsiao-lou Lei
Batting: RHB Jon Huband 0-0: Called Strike
0-1: Foul Ball, location: 2F
0-2: Ball
1-2: Foul Ball, location: 2F
1-2: Ground out 5-3 (Groundball, 56, EV 83.8 MPH)
Batting: LHB Javier Seco 0-0: Ball
1-0: Called Strike
1-1: Ball
2-1: Called Strike
2-2: Ground out 4-3 (Groundball, 4, EV 83.1 MPH)
Batting: RHB Adam Smith 0-0: Ball
1-0: Called Strike
1-1: Ball
2-1: Ground out 4-3 (Groundball, 4, EV 100.6 MPH)
Bottom of the 5th over - 0 runs, 0 hits, 0 errors, 0 left on base; Cleveland 0 - Houston 3
TOP OF THE 6TH
Cleveland Browns batting - Pitching for Houston 1837 BBC : RHP Júlio Gutiérrez
Batting: LHB León Castillo 0-0: DOUBLE (Flyball, 78XD, EV 101.2 MPH)
Batting: LHB Danny Rodríguez 0-0: Called Strike
0-1: Swinging Strike
0-2: Foul Ball, location: 2F
0-2: Ball
1-2: Strikes out swinging
Batting: LHB Sadatake Abe 0-0: Ball
1-0: Foul Ball, location: 2F
1-1: Foul Ball, location: 2F
1-2: Foul Ball, location: 2F
1-2: Ball
2-2: Fly out, F8 (Flyball, 8LXD, EV 90.0 MPH)
Batting: LHB Surender Nada 0-0: Ball
1-0: Fly out, F9 (Flyball, 9LS, EV 90.0 MPH)
Top of the 6th over - 0 runs, 1 hit, 0 errors, 1 left on base; Cleveland 0 - Houston 3
BOTTOM OF THE 6TH
Houston 1837 BBC batting - Pitching for Cleveland Browns : RHP Hsiao-lou Lei
Pitching: RHP Martín García
Batting: RHB Krystof Melichar 0-0: Called Strike
0-1: Ball
1-1: Ground out 4-3 (Groundball, 34, EV 90.6 MPH)
Batting: LHB Bill Dixon 0-0: Fly out, F9 (Line Drive, 9, EV 91.2 MPH)
Batting: LHB Ramiro Palmeiro 0-0: Called Strike
0-1: Called Strike
0-2: Ground out 4-3 (Groundball, 4S, EV 92.5 MPH)
Bottom of the 6th over - 0 runs, 0 hits, 0 errors, 0 left on base; Cleveland 0 - Houston 3
TOP OF THE 7TH
Cleveland Browns batting - Pitching for Houston 1837 BBC : RHP Júlio Gutiérrez
Pitching: RHP José Ledezma
Batting: RHB Katsuhiko Ishihara 0-0: Swinging Strike
0-1: Fly out, F8 (Line Drive, 8LM, EV 88.8 MPH)
Batting: LHB Lauren Hilfiker 0-0: Fly out, F5 (Popup, 5F, EV 67.5 MPH)
Batting: RHB Tom Camden 0-0: Called Strike
0-1: Ball
1-1: Ball
2-1: Swinging Strike
2-2: Ball
3-2: Foul Ball, location: 2F
3-2: Strikes out swinging
Top of the 7th over - 0 runs, 0 hits, 0 errors, 0 left on base; Cleveland 0 - Houston 3
BOTTOM OF THE 7TH
Houston 1837 BBC batting - Pitching for Cleveland Browns : RHP Martín García
Batting: SHB Yeow-whye Zhu 0-0: Ball
1-0: Foul Ball, location: 2F
1-1: Ball
2-1: Ground out 1-3 (Groundball, 34S, EV 91.2 MPH)
Batting: RHB David Elías 0-0: Ball
1-0: Ball
2-0: Ball
3-0: Called Strike
3-1: Ground out 6-3 (Groundball, 6, EV 88.1 MPH)
Batting: LHB César Gómes 0-0: Called Strike
0-1: Ball
1-1: Swinging Strike
1-2: Foul Ball, location: 2F
1-2: Strikes out swinging
Bottom of the 7th over - 0 runs, 0 hits, 0 errors, 0 left on base; Cleveland 0 - Houston 3
TOP OF THE 8TH
Cleveland Browns batting - Pitching for Houston 1837 BBC : RHP José Ledezma
Batting: RHB Jack Bonner 0-0: Ball
1-0: Ball
2-0: Called Strike
2-1: Foul Ball, location: 2F
2-2: Foul Ball, location: 2F
2-2: Foul Ball, location: 2F
2-2: Ball
3-2: Strikes out looking and he ARGUES THE CALL AND IS TOSSED!
Batting: RHB Yu-shu Tseng 0-0: Ball
1-0: Called Strike
1-1: Called Strike
1-2: Foul Ball, location: 2F
1-2: Ball
2-2: Strikes out swinging
Batting: LHB León Castillo 0-0: Ball
1-0: Fly out, F7 (Flyball, 7LSF, EV 93.8 MPH)
Top of the 8th over - 0 runs, 0 hits, 0 errors, 0 left on base; Cleveland 0 - Houston 3
BOTTOM OF THE 8TH
Houston 1837 BBC batting - Pitching for Cleveland Browns : RHP Martín García
Now at C: José Carlos Pérez
Batting: RHB Jon Huband 0-0: SINGLE (Groundball, 4MD, EV 108.1 MPH)
Batting: LHB Javier Seco 0-0: Called Strike
Jon Huband steals 2nd base
0-1: Ball
1-1: Intentional Walk
Batting: RHB Adam Smith 0-0: Ball
Jon Huband steals 3rd base
Javier Seco to second
1-0: Ball
2-0: DOUBLE (Flyball, 8LXD, EV 101.9 MPH)
Jon Huband scores
Javier Seco scores
Batting: RHB Krystof Melichar 0-0: Called Strike
0-1: Ball
1-1: Ground out 5-3 (Groundball, 5, EV 83.1 MPH)
Batting: LHB Bill Dixon 0-0: Ball
1-0: Called Strike
1-1: Swinging Strike
1-2: Ball
2-2: Strikes out swinging
Batting: LHB Ramiro Palmeiro 0-0: Swinging Strike
0-1: SINGLE (Groundball, 4MD, EV 100.6 MPH)
Adam Smith to third
Runner from 3rd tries for Home, SAFE, no throw by CF
Pitching: RHP Bob Shepard
Batting: SHB Yeow-whye Zhu 0-0: Ball
1-0: Called Strike
1-1: SINGLE (Flyball, 8LS, EV 88.8 MPH)
Ramiro Palmeiro to second
Runner from 2nd tries for 3rd, SAFE, no throw by CF
Batting: RHB David Elías 0-0: Called Strike
0-1: Ball
1-1: Fielders Choice at 2nd, 6-4 (Groundball, 56, EV 90.0 MPH)
Bottom of the 8th over - 3 runs, 4 hits, 0 errors, 2 left on base; Cleveland 0 - Houston 6
TOP OF THE 9TH
Cleveland Browns batting - Pitching for Houston 1837 BBC : RHP José Ledezma
Batting: LHB Danny Rodríguez 0-0: Called Strike
0-1: Fly out, F3 (Flyball, 3D, EV 88.1 MPH)
Batting: LHB Sadatake Abe 0-0: Ball
1-0: Ball
2-0: Ball
3-0: Called Strike
3-1: Called Strike
3-2: Ground out 6-3 (Groundball, 6, EV 82.5 MPH)
Batting: LHB Surender Nada 0-0: Called Strike
0-1: Ball
1-1: Foul Ball, location: 2F
1-2: Fly out, F7 (Line Drive, 7, EV 96.2 MPH)
Top of the 9th over - 0 runs, 0 hits, 0 errors, 0 left on base; Cleveland 0 - Houston 6
Wednesday, July 8th, 2020 - OOTP Baseball 20.8 Build 74